 Dungeon Crawl Stone Soup version 0.14.1-11-gf908b15 (webtiles) character file.

282 Heini the Skirmisher (level 5, -2/72 HPs)
             Began as a Minotaur Fighter on May 30, 2014.
             Slain by Prince Ribbit (11 damage)
             ... on Level 4 of the Dungeon.
             The game lasted 00:06:11 (2211 turns).

Heini the Skirmisher (Minotaur Fighter)             Turns: 2211, Time: 00:06:11

HP  -2/72        AC 22     Str 26      XL: 5   Next: 25%
MP   2/2         EV  1     Int  5      God:
Gold 113         SH 16     Dex 10      Spells:  0 memorised,  4 levels left

rFire  . . .     SeeInvis .     a - +1,+0 flail
rCold  . . .     Clarity  .     b - melded +0 scale mail
rNeg   + + +     Conserve .     c - +0 shield
rPois  +         rCorr    .     (helmet restricted)
rElec  .         rRot     .     (cloak currently unavailable)
SustAb . .       Spirit   .     (gloves currently unavailable)
rMut   .         Warding  .     (boots currently unavailable)
Saprov . . .     NoTele   +     (no amulet)
MR     .....                    (no ring)
                                (no ring)

@: tree-form, mighty, not resistant to hostile enchantments, unstealthy
A: (retaliatory headbutt), (horns 0), (fire resistance 0)
a: no special abilities


You were on level 4 of the Dungeon.
You were not hungry.
You were an animated tree.
You visited 1 branch of the dungeon, and saw 4 of its levels.

You collected 113 gold pieces.

Inventory:

Hand weapons
 a - a +1,+0 flail (weapon)
Armour
 b - a +0 scale mail (melded)
 c - a +0 shield (worn)
Magical devices
 n - a wand of digging (12) {unknown}
 s - a wand of random effects (8) {unknown}
Comestibles
 d - 3 bread rations
 i - a chunk of hobgoblin flesh
 m - 2 chokos
 q - a meat ration
 u - a rotting chunk of rat flesh
Scrolls
 o - a scroll of fear
 p - a scroll of remove curse
Potions
 e - 2 potions of might
 f - a potion of curing
 g - 2 potions of haste {unknown}
 h - a potion of brilliance {unknown}
 j - a potion of paralysis
 k - a potion of restore abilities
 l - a potion of flight {unknown}
 r - a potion of degeneration {unknown}


   Skills:
 * Level 5.2 Fighting
 * Level 3.9 Maces & Flails
 * Level 5.2 Armour
 - Level 3.6 Shields


You had 4 spell levels left.
You didn't know any spells.

Dungeon Overview and Level Annotations

Branches:
Dungeon (4/15)
 Temple: D:4-7

Altars:
Nemelex Xobeh
Vehumet

Annotations:
D:4 Prince Ribbit


Innate Abilities, Weirdness & Mutations

((You reflexively headbutt those who attack you in melee.))*
((You have a pair of horns on your head.))*
((Your flesh is heat resistant.))*


Message History

You are poisoned.
The worker ant poisons you!
Drink which item? (? for menu, Esc to quit)
You feel better. You block Prince Ribbit's attack.
You block the worker ant's attack.
Drink which item? (? for menu, Esc to quit)
You feel very mighty all of a sudden. You block Prince Ribbit's attack.
You block the worker ant's attack.
Prince Ribbit blinks!
You closely miss Prince Ribbit.
Prince Ribbit is lightly wounded.
Prince Ribbit hits you!
* * * LOW HITPOINT WARNING * * *
The worker ant bites you but does no damage.
Drink which item? (? for menu, Esc to quit)
You turn into an animated tree.
Your +0 scale mail melds into your body.
Your roots penetrate the ground.
It was a potion of lignification.
Prince Ribbit hits you!
You die...

.........
...........
.............
...............
................
................
.................
.......a.F$.......
........♣.........
................<
................
................
###############


You could see Prince Ribbit and a worker ant.

Vanquished Creatures
  Terence (D:2)
  4 adders (D:3)
  A gnoll (D:1)
  3 giant mites (D:2)
  2 worms (D:3)
  4 giant geckos
  An ooze (D:1)
  3 orcs (D:3)
  2 ball pythons (D:1)
  9 bats
  4 giant cockroaches
  9 goblins
  6 hobgoblins
  6 jackals
  4 kobolds
  3 quokkas
  A giant newt (D:1)
  6 rats
69 creatures vanquished.

Notes
Turn   | Place    | Note
--------------------------------------------------------------
     0 | D:1      | Heini, the Minotaur Fighter, began the quest for the Orb.
     0 | D:1      | Reached XP level 1. HP: 19/19 MP: 1/1
   110 | D:1      | Reached skill level 4 in Fighting
   123 | D:1      | Reached XP level 2. HP: 22/28 MP: 1/1
   480 | D:1      | Reached XP level 3. HP: 29/34 MP: 2/2
   483 | D:1      | Found a sparkling altar of Nemelex Xobeh.
   618 | D:2      | Noticed Terence
   637 | D:2      | Killed Terence
   954 | D:2      | Reached XP level 4. HP: 41/41 MP: 2/2
  1139 | D:2      | Reached skill level 5 in Fighting
  1366 | D:3      | Gained mutation: Your flesh is heat resistant. [potion of beneficial mutation]
  1572 | D:3      | Reached skill level 5 in Armour
  1593 | D:3      | Reached XP level 5. HP: 40/48 MP: 2/2
  1715 | D:3      | Found a radiant altar of Vehumet.
  2199 | D:4      | Noticed Prince Ribbit
  2211 | D:4      | Slain by Prince Ribbit

Action                   |  1- 3 |  4- 6 || total
-------------------------+-------+-------++-------
Melee: Flail             |    77 |    85 ||   162
  Use: Scroll            |       |    10 ||    10
       Potion            |       |     4 ||     4
